 Dungeon Crawl Stone Soup version 0.28.0-53-g5a82cb258f (webtiles) character file.

Game seed: 12465541312946150590

41 safid the Digger (level 3, 0/20 HPs)
             Began as a Gargoyle Earth Elementalist on Sept 1, 2022.
             Killed by nerve-wracking pain
             ... invoked by a shadow imp
             ... summoned by Natasha
              (4 damage)
             ... on level 2 of the Dungeon.
             The game lasted 00:01:59 (1275 turns).

safid the Digger (Gargoyle Earth Elementalist)      Turns: 1275, Time: 00:02:00

Health: 0/20       AC: 10    Str: 11    XL:     3   Next: 52%
Magic:  6/6        EV: 12    Int: 17    God:
Gold:   69         SH:  5    Dex: 10    Spells: 5/6 levels left

rFire   . . .      SeeInvis .   n - +0 dagger (elec)
rCold   . . .      Faith    .   (no shield)
rNeg    + . .      Spirit   .   b - +0 robe
rPois   ∞          Reflect  +   (no helmet)
rElec   +          Harm     .   k - +0 cloak
rCorr   .          Rampage  .   (no gloves)
Will    .....                   (no boots)
Stlth   ++........              f - amulet of reflection
HPRegen 0.06/turn               e - +4 ring of slaying
MPRegen 0.10/turn               j - +4 ring of protection

@: no status effects
A: sickness immunity, AC +3, negative energy resistance 1, electricity
resistance, torment resistance 1, petrification resistance
a: no special abilities


You were on level 2 of the Dungeon.
You visited 1 branch of the dungeon, and saw 2 of its levels.

You collected 69 gold pieces.

Inventory:

Hand Weapons
 n - a +0 dagger of electrocution (weapon)
Missiles
 c - 21 stones
Armour
 b - a +0 robe (worn)
 k - a +0 cloak (worn)
Jewellery
 e - a +4 ring of slaying (left hand)
 f - an amulet of reflection (around neck)
 j - a +4 ring of protection (right hand)
Scrolls
 a - a scroll of amnesia {unknown}
 g - a scroll of magic mapping {unknown}
 h - a scroll of holy word {unknown}
 l - a scroll of noise {unknown}
 m - a scroll of fog {unknown}
Potions
 d - a potion of degeneration {unknown}
 i - a potion of heal wounds {unknown}


   Skills:
 + Level 1.4 Fighting
 - Level 2.0 Dodging
 - Level 2.1 Stealth
 + Level 2.4 Spellcasting
 - Level 1.0 Transmutations
 + Level 4.1 Earth Magic


You had 5 spell levels left.
You knew the following spells:

 Your Spells              Type           Power      Damage    Failure   Level
a - Sandblast             Erth           32%        2d9       3%          1

Your spell library contained the following spells:

 Spells                   Type           Power      Damage    Failure   Level
 Passwall                 Tmut/Erth      8%         N/A       10%         2
 Stone Arrow              Conj/Erth      18%        3d8       24%         3
 Petrify                  Tmut/Erth      10%        N/A       54%         4


Dungeon Overview and Level Annotations

Branches:
Dungeon (2/15)

Altars:

Annotations:
D:2 Natasha


Innate Abilities, Weirdness & Mutations

You are immune to sickness and miasma.
Your stone body is resilient. (AC +3)
You are immune to poison.
You resist negative energy. (rN+)
You are resistant to electric shocks. (rElec)
You are resistant to unholy torment.
You are immune to petrification.


Message History

You see here a dart slug corpse.
A jackal comes into view.
Natasha claws you.
The endoplasm quivers.
You hit Natasha.
Natasha is lightly wounded.
A jackal comes into view.
Natasha claws you.
You closely miss Natasha.
Natasha is lightly wounded.
The jackal barks!
A jackal comes into view.
The endoplasm freezes you.
You are frozen.
Natasha barely misses you.
You are too injured to fight recklessly!
You are too injured to fight recklessly!
You are too injured to fight recklessly!
You are too injured to fight recklessly!
You are too injured to fight recklessly!
You are too injured to fight recklessly!
You are too injured to fight recklessly!
You are too injured to fight recklessly!
You are too injured to fight recklessly!
You are too injured to fight recklessly!
You are too injured to fight recklessly!
You are too injured to fight recklessly!
You are too injured to fight recklessly!
You are too injured to fight recklessly!
Unknown command.
You are too injured to fight recklessly!
Natasha wildly gestures.
Natasha shimmers violently.
Natasha casts a spell at you. The magic dart hits you.
* * * LOW HITPOINT WARNING * * *
Natasha mumbles some strange words.
Natasha casts a spell.
Natasha mumbles some strange words.
The shadow imp gestures at you. Pain shoots through your body!
You die...

.....##### .
###.......# ..
.........
..####.h#.###.# ##
........55....# .#
#####.##..###### .#
........h..# .#
#####.#J.#.# .# ..
#@...#
.###############.#####
.......#.....†.......#
.......#.#######.###.#
.......#.### #...
.>.........# #####
...........#
####.##....#
....†##....#


You could see Natasha, 2 shadow imps, an endoplasm and a jackal.

Vanquished Creatures
  An adder skeleton (D:2)
  2 dart slugs (D:2)
  3 bats
  2 endoplasms
  4 giant cockroaches
  A goblin (D:2)
  4 hobgoblins
  2 kobolds (D:2)
  2 quokkas
  6 ball pythons
  2 frilled lizards
  2 rats
31 creatures vanquished.

Notes
Turn   | Place    | Note
-------+----------+-------------------------------------------
     0 | D:1      | safid the Gargoyle Earth Elementalist began the quest for
                  | the Orb.
     0 | D:1      | Reached XP level 1. HP: 10/10 MP: 3/3
   354 | D:1      | Reached skill level 1 in Transmutations
   354 | D:1      | Reached XP level 2. HP: 16/16 MP: 1/5
   746 | D:2      | Reached skill level 1 in Fighting
   935 | D:2      | Reached skill level 4 in Earth Magic
   935 | D:2      | Reached XP level 3. HP: 16/20 MP: 6/6
  1267 | D:2      | Noticed Natasha
  1275 | D:2      | Killed from afar by a shadow imp

Illustrated notes

Levels and vault maps discovered:
D:1:      lightli_arrival_lavapool, layout_rooms, serial_glass, glass_columns_a,
          glass_columns_b
D:2:      layout_basic, uniq_natasha

Skill      XL: |  1  2  3 |
---------------+----------+-----
Transmutations | 1 |  1.0
Fighting       | 1 |  1.4
Earth Magic    | 4 |  4.1
Dodging        | 2 |  2.0
Stealth        | |  2.1
Spellcasting   | |  2.4

Action                   || total
-------------------------++-------
Melee: Unarmed           ||    44
       Whip              ||    36
       Dagger            ||     8
 Cast: Sandblast         ||     9
 Stab: Sleeping          ||     1
Armor: Robe              ||    40
Dodge: Dodged            ||    49
Block: Other             ||    17
